 Dungeon Crawl Stone Soup version 0.31.0-9-g3a7656b989 (webtiles) character file.

Game seed: 7220589698100246332

13271 9Sora the Spear-Bearer (level 11, -8/86 HPs)
             Began as a Demonspawn Berserker on Jan 27, 2024.
             Was an Elder of Trog.
             Killed by an exploding orc warrior (25 damage)
             ... ignited by their inner flame
             ... on level 2 of the Orcish Mines.
             The game lasted 00:59:01 (9246 turns).

9Sora the Spear-Bearer (Demonspawn Berserker)       Turns: 9246, Time: 00:59:02

Health: -8/86      AC: 12    Str: 21    XL:     11   Next: 73%
Magic:  0/11       EV: 13    Int:  6    God:    Trog [****..]
Gold:   1736       SH:  0    Dex: 21    Spells: 10/10 levels left

rFire   . . .        x - +1 scythe (spect)
rCold   + . .        (shield currently unavailable)
rNeg    . . .        B - +2 scale mail {rC+}
rPois   .            (helmet restricted)
rElec   .            (no cloak)
rCorr   +            (no gloves)
SInv    .            A - +1 pair of boots {Fly}
Will    +++..        t - amulet of guardian spirit
Stlth   ++++         e - ring of resist corrosion
HPRegen 1.34/turn    i - ring of willpower
MPRegen 0.12/turn

%: guardian spirit
@: strong-willed, on berserk cooldown, flying, regenerating, slowed, very slow
A: horns 2, thin skeletal structure 2, foul stench 2, agile 1
a: Renounce Religion, Berserk, Trog's Hand, Brothers in Arms


You were on level 2 of the Orcish Mines.
You worshipped Trog.
Trog was greatly pleased with you.
You visited 3 branches of the dungeon, and saw 12 of its levels.
You also visited: Bailey.

You collected 1736 gold pieces.

Inventory:

Hand Weapons
 u - the +7 great mace "Echawn" {vamp, Dex+3}
   (You found it on level 7 of the Dungeon)

   Dex+3:     It affects your dexterity (+3).
 x - a +1 spectral scythe (weapon)
 z - the +2 hand axe of the Irksome God {freeze, rPois Dex+3 Stlth+}
   (You found it on level 7 of the Dungeon)

   Dex+3:     It affects your dexterity (+3).
   rPois:     It protects you from poison Stlth+: It makes you more stealthy.
Missiles
 a - 38 boomerangs (quivered)
Armour
 d - a +0 pair of boots
 g - a +1 chain mail
 A - a +1 pair of boots of flying (worn)
 B - a +2 scale mail of cold resistance (worn)
Jewellery
 e - a ring of resist corrosion (left hand)
 i - a ring of willpower (right hand)
 t - an amulet of guardian spirit (around neck)
 C - a +6 ring of intelligence
Wands
 c - a wand of mindburst (10)
 l - a wand of digging (7)
 m - a wand of flame (39)
 n - a wand of polymorph (7)
Scrolls
 b - 2 scrolls of immolation
 j - 2 scrolls of noise
 q - a scroll of revelation
 w - 3 scrolls of amnesia
 y - a scroll of butterflies
Potions
 f - a potion of degeneration
 o - a potion of cancellation
 s - a potion of attraction
 v - a potion of ambrosia


   Skills:
 + Level 8.3 Fighting
 + Level 12.5 Polearms
 + Level 8.3 Armour
 + Level 4.6 Dodging
 + Level 5.0 Stealth


You had 10 spell levels left.
You didn't know any spells.
Your spell library contained the following spells:

 Spells                   Type           Power      Damage    Failure   Level
 Apportation              Tloc           0%         N/A       75%         1
 Necrotise                Necr           0%         1d4       75%         1
 Sting                    Conj/Alch      0%         1d3       75%         1
 Summon Small Mammal      Summ           0%         N/A       75%         1
 Lesser Beckoning         Tloc           0%         N/A       87%         2
 Call Canine Familiar     Summ           0%         N/A       98%         3
 Gell's Gravitas          Tloc           0%         N/A       98%         3
 Ozocubu's Armour         Ice            0%         N/A       98%         3
 Sigil of Binding         Hex            0%         N/A       98%         3
 Teleport Other           Tloc           0%         N/A       98%         3
 Dimensional Bullseye     Hex/Tloc       0%         N/A       100%        4
 Metabolic Englaciation   Hex/Ice        0%         N/A       100%        5
 Sculpt Simulacrum        Ice/Alch       0%         N/A       100%        6


Dungeon Overview and Level Annotations

Branches:
Dungeon (9/15)             Temple (1/1) D:5            Lair (0/5) D:9
    Orc (2/2) D:9             Elf (0/3) Orc:2        Bailey (visited)

Altars:
Ashenzari
Cheibriados
Dithmenos
Fedhas
Gozag
Hepliaklqana
Kikubaaqudgha
Makhleb
Nemelex Xobeh
Okawaru
Qazlal
Ru
Sif Muna
Trog
Uskayaw
Vehumet
Wu Jian
Xom
Yredelemnul

Shops:
D:3 :

Annotations:
D:4 2 transporters, wooly's ghost, amateur DEEE
D:5 2 transporters


Innate Abilities, Weirdness & Mutations

You have a pair of horns on your head.
You have a moderately thin skeletal structure. (Dex +4, Stealth++)
You sometimes emit foul miasma when damaged in melee.
You are agile. (Dex +4, Str/Int -1)


Message History

You kill your butterfly!
Your butterfly disappears in a burst of colours!
The fiery explosion engulfs your butterfly!!
You kill your butterfly!
Your butterfly disappears in a burst of colours!
The fiery explosion engulfs your butterfly!!
You kill your butterfly!
Your butterfly disappears in a burst of colours!
The orc warrior is engulfed in blazing flames.
Flame seeps out of the orc warrior.
You barely miss the orc warrior. Your headbutt misses the orc warrior.
The orc warrior is almost dead.
Your +1 spectral scythe hits the orc warrior from afar.
Flame seeps out of the orc warrior.
Your butterfly is engulfed in blazing flames.
You kill your butterfly!
Your butterfly disappears in a burst of colours!
Your butterfly is engulfed in blazing flames.
You kill your butterfly!
Your butterfly disappears in a burst of colours!
Your butterfly is engulfed in blazing flames.
You kill your butterfly!
Your butterfly disappears in a burst of colours!
Your butterfly is engulfed in blazing flames.
You kill your butterfly!
Your butterfly disappears in a burst of colours!
Your butterfly is engulfed in blazing flames.
You kill your butterfly!
Your butterfly disappears in a burst of colours!
Your butterfly is engulfed in blazing flames.
You kill your butterfly!
Your butterfly disappears in a burst of colours!
Your butterfly is engulfed in blazing flames.
You kill your butterfly!
Your butterfly disappears in a burst of colours!
The orc warrior is engulfed in blazing flames.
Trog accepts your kill.
You can now call in reinforcements.
The orc warrior explodes!
The fiery explosion engulfs you!!
You die...

#..)............#.##
#..............##..##
...........).)......#
............))......#
............§§§§....#
...........[§)§)§..##
..........))§§§§§§.##
..........)§)#b§○§..#
............)§.)@b.####
..........).§b).#(#####
.................b.####
...........b.bbb....###
............b....).####
....#.......bbb.)..####
.............)#.#)..###
.............#####)####
...........#.####...###


You could see a friendly +1 spectral scythe.

Vanquished Creatures
  2 two-headed ogres (D:9)
  An orc high priest (Orc:2)
  2 orc sorcerers (Orc:1)
  2 orc knights
  3 kobold blastminers
  A komodo dragon (D:9)
  A troll (Orc:2)
  A hornet (D:8)
  Sigmund (D:5)
  5 yaks (D:9)
  A wyvern (D:7)
  A steam dragon (D:8)
  An acid dragon (D:9)
  5 water moccasins
  Duvessa (D:5)
  27 orc warriors
  2 sky beasts
  An ogre (D:7)
  3 centaurs
  A phantom (D:7)
  3 bullfrogs
  A scorpion (D:5)
  Dowan (D:5)
  8 killer bees (D:7)
  2 electric eels (D:9)
  3 howler monkeys (D:7)
  A bombardier beetle (D:5)
  A hound (D:6)
  A jelly (D:5)
  A gnoll bouda (D:9)
  24 orc priests
  Ijyb (D:5)
  2 iguanas
  A sleepcap (D:4)
  Natasha (D:2)
  10 orc wizards
  6 gnolls
  11 adders
  A shadow imp (D:6)
  2 white imps
  2 dart slugs (D:1)
  A ribbon worm (D:2)
  59 orcs
  8 ball pythons
  8 endoplasms
  2 giant cockroaches (D:4)
  6 goblins
  8 hobgoblins
  4 jackals (D:1)
  21 kobolds
  3 quokkas
  2 frilled lizards
  6 rats
273 creatures vanquished.

Vanquished Creatures (collateral kills)
  2 orc knights (Orc:2)
  An orc warrior (Orc:2)
  An orc priest (Orc:2)
  An orc (Orc:2)
5 creatures vanquished.

Grand Total: 278 creatures vanquished

Notes
Turn   | Place    | Note
-------+----------+-------------------------------------------
     0 | D:1      | 9Sora the Demonspawn Berserker began the quest for the Orb.
     0 | D:1      | Reached XP level 1. HP: 18/18 MP: 1/1
   174 | D:1      | Reached skill level 3 in Polearms
   174 | D:1      | Gained mutation: You may rarely emit foul miasma when
                  | damaged in melee. [demonic ancestry]
   174 | D:1      | Reached XP level 2. HP: 17/24 MP: 2/2
   527 | D:1      | Reached XP level 3. HP: 20/29 MP: 3/3
   726 | D:1      | Found a faded altar of an unknown god.
  1163 | D:2      | Reached ** piety under Trog
  1439 | D:2      | Gained mutation: You are weak. (Str -2) [potion of
                  | mutation]
  1439 | D:2      | Gained mutation: You are somewhat resistant to further
                  | mutation. [potion of mutation]
  1594 | D:2      | Noticed Natasha
  1610 | D:2      | Killed Natasha
  1611 | D:2      | Reached skill level 4 in Polearms
  1611 | D:2      | Gained mutation: You have a pair of small horns on your
                  | head. [demonic ancestry]
  1611 | D:2      | Reached XP level 4. HP: 35/35 MP: 4/4
  2433 | D:3      | Reached XP level 5. HP: 25/41 MP: 5/5
  2584 | D:3      | Found Toetus's Book Boutique.
  3000 | D:4      | Found a transporter.
  3005 | D:4      | Noticed wooly's ghost (amateur DEEE)
  3006 | D:4      | Noticed an ogre
  3006 | D:4      | Noticed an ogre
  3020 | D:4      | Found a transporter.
  3602 | D:5      | Entered Level 5 of the Dungeon
  3605 | D:5      | Found a transporter.
  3615 | D:5      | Noticed an ice beast
  3615 | D:5      | Noticed an ice beast
  3615 | D:5      | Noticed an ice beast
  3623 | D:5      | Noticed Sigmund
  3636 | D:5      | Killed Sigmund
  3637 | D:5      | Reached skill level 5 in Polearms
  3637 | D:5      | Gained mutation: You have a pair of horns on your head.
                  | [demonic ancestry]
  3637 | D:5      | Reached XP level 6. HP: 48/48 MP: 6/6
  3657 | D:5      | Found a transporter.
  3695 | D:5      | Found a staircase to the Ecumenical Temple.
  3706 | Temple   | Entered the Ecumenical Temple
  3962 | D:5      | Noticed Duvessa
  3962 | D:5      | Noticed Dowan
  3970 | D:5      | Killed Duvessa
  3971 | D:5      | Gained mutation: You have a somewhat thin skeletal
                  | structure. (Dex +2, Stealth+) [demonic ancestry]
  3971 | D:5      | Reached XP level 7. HP: 54/54 MP: 7/7
  3975 | D:5      | Killed Dowan
  4002 | D:5      | Reached skill level 6 in Polearms
  4191 | D:5      | Lost mutation: You are somewhat resistant to further
                  | mutation. [potion of mutation]
  4191 | D:5      | Lost mutation: You are weak. (Str -2) [potion of mutation]
  4191 | D:5      | Gained mutation: You are agile. (Dex +4, Str/Int -1)
                  | [potion of mutation]
  4191 | D:5      | Gained mutation: Your spells are a little easier to cast,
                  | but a little less powerful. [potion of mutation]
  4191 | D:5      | Lost mutation: Your spells are a little easier to cast, but
                  | a little less powerful. [potion of mutation]
  4203 | D:5      | Noticed Ijyb
  4225 | D:5      | Killed Ijyb
  4272 | D:5      | Identified the +0 sling of Mongateha {freeze, rPois rCorr
                  | Int+2 Dex-4}
  4790 | D:6      | Found a broken altar of Ashenzari.
  4920 | D:6      | Reached skill level 1 in Stealth
  4920 | D:6      | Gained mutation: You sometimes emit foul miasma when
                  | damaged in melee. [demonic ancestry]
  4920 | D:6      | Reached XP level 8. HP: 61/61 MP: 8/8
  5038 | D:6      | Reached skill level 7 in Polearms
  5041 | D:6      | Reached skill level 5 in Fighting
  5274 | D:7      | Reached skill level 5 in Armour
  5423 | D:7      | Reached skill level 8 in Polearms
  5437 | D:7      | Reached XP level 9. HP: 62/68 MP: 7/9
  5494 | D:7      | Identified the +7 great mace "Echawn" {vamp, Dex+3}
  5516 | D:7      | Found a flagged portal.
  5526 | D:7      | Identified the +2 hand axe of the Irksome God {freeze,
                  | rPois Dex+3 Stlth+}
  5540 | Bailey   | Entered a bailey
  5623 | Bailey   | Noticed an orc knight
  5647 | Bailey   | Killed an orc knight
  5743 | Bailey   | Identified the +9 plate armour of Follow the Leader {Will+}
  5756 | Bailey   | Reached skill level 9 in Polearms
  6147 | D:7      | Reached *** piety under Trog
  6540 | D:8      | Found a bloodstained altar of Trog.
  6559 | D:8      | Reached XP level 10. HP: 69/76 MP: 10/10
  6579 | D:8      | Found a sparkling altar of Nemelex Xobeh.
  6580 | D:8      | Found a hide-covered altar of Uskayaw.
  6581 | D:8      | Found a shimmering blue altar of Sif Muna.
  6751 | D:8      | Reached skill level 10 in Polearms
  7160 | D:9      | Noticed a two-headed ogre
  7179 | D:9      | Killed a two-headed ogre
  7550 | D:9      | Noticed a two-headed ogre
  7571 | D:9      | Killed a two-headed ogre
  7572 | D:9      | Reached skill level 11 in Polearms
  7711 | D:9      | Found a staircase to the Orcish Mines.
  7967 | D:9      | Reached **** piety under Trog
  8045 | D:9      | Found a staircase to the Lair.
  8333 | Orc:1    | Entered Level 1 of the Orcish Mines
  8333 | Orc:1    | Noticed an orc sorcerer
  8334 | Orc:1    | Noticed an orc sorcerer
  8339 | Orc:1    | Noticed a soul eater
  8340 | Orc:1    | Killed an orc sorcerer
  8341 | Orc:1    | Gained mutation: You have a moderately thin skeletal
                  | structure. (Dex +4, Stealth++) [demonic ancestry]
  8341 | Orc:1    | Reached XP level 11. HP: 84/84 MP: 11/11
  8344 | Orc:1    | Killed an orc sorcerer
  8743 | Orc:2    | Entered Level 2 of the Orcish Mines
  8767 | Orc:2    | Noticed an orc knight
  8781 | Orc:2    | Killed an orc knight
  8824 | Orc:2    | Noticed an orc knight
  8836 | Orc:2    | Killed an orc knight
  8837 | Orc:2    | Reached skill level 12 in Polearms
  8889 | Orc:2    | Noticed an orc high priest
  8979 | Orc:2    | Killed an orc high priest
  9029 | Orc:2    | Reached skill level 5 in Stealth
  9194 | Orc:2    | Noticed an orc knight
  9208 | Orc:2    | Killed an orc knight
  9246 | Orc:2    | Killed by an exploding orc warrior... ignited by their
                  | inner flame

Illustrated notes

Levels and vault maps discovered:
D:1:      elethiomel_arrival_fortress_basement, layout_basic,
          ebering_ecumenical_altar_box
D:2:      layout_basic, guppyfry_early_lair_pool, uniq_natasha
D:3:      layout_loops_corners, serial_shops, shop
D:4:      layout_basic, lemuel_tele_altar, gammafunk_ghost_smash
D:5:      gammafunk_cloud_chamber, layout_cave_pools,
          minmay_temple_entry_enclosed_plants, uniq_sigmund, uniq_ijyb,
          uniq_duvessa
D:6:      layout_basic, old_standard_altar
D:7:      layout_basic, enter_bailey_2
D:8:      layout_loops_ring, mainiacjoe_overflow_paths,
          mainiacjoe_overflow_tiny_flanked,
          chequers_temple_overflow_statue_of_worship
D:9:      layout_basic, david_lair_shrubbed, david_orc_5
Temple:   nicolae_temple_superstar
Orc:1:    layout_caves, statue_in_the_mist_lemuel
Orc:2:    st_orc_pillars, layout_diamond_mine, basic_altar, serial_shops,
          statue_bzr

Skill      XL: |  1  2  3  4  5  6  7  8  9 10 11 |
---------------+----------------------------------+-----
Polearms       | 3 4 5 6 8 9 11 12 | 12.5
Armour         | 2 3 4 5 6 7 8 |  8.3
Dodging        | 2 3 4 |  4.6
Fighting       | 4 5 6 7 8 |  8.3
Stealth        | 1 2 4 5 |  5.0

Action                     |  1- 3 |  4- 6 |  7- 9 | 10-12 || total
---------------------------+-------+-------+-------+-------++-------
  Melee: Spear             |   121 |       |       |       ||   121
         Bardiche          |    24 |    97 |       |       ||   121
         Punch             |     1 |       |       |       ||     1
         Headbutt          |       |    17 |    31 |    40 ||    88
         Halberd           |       |    26 |   204 |   233 ||   463
  Throw: Boomerang         |       |       |       |     1 ||     1
 Invoke: Berserk           |     2 |     4 |     6 |     8 ||    20
         Trog's Hand       |     1 |     2 |     7 |    11 ||    21
         Brothers in Arms  |       |       |       |     3 ||     3
    Use: Scroll            |     4 |     3 |    12 |    10 ||    29
         Potion            |     5 |       |     8 |     1 ||    14
   Stab: Distracted        |       |       |     2 |     6 ||     8
         Sleeping          |       |       |     1 |     2 ||     3
 Armour: Animal skin       |    17 |       |       |       ||    17
         Ring mail         |    38 |    39 |       |       ||    77
         Chain mail        |       |    73 |   145 |       ||   218
         Scale mail        |       |       |    10 |   132 ||   142
  Dodge: Dodged            |    69 |    82 |   103 |   108 ||   362
